 Dungeon Crawl Stone Soup version 0.30.0-5-g1a98f26d00 (webtiles) character file.

Game seed: 16362995698060338607

2367 NinjaNoafa the Carver (level 9, -1/55 (68) HPs)
             Began as a Merfolk Reaver on May 9, 2023.
             Was a Priest of Okawaru.
             Slain by Joseph
             ... wielding a +1 quarterstaff of draining
              (6 damage)
             ... on level 7 of the Dungeon.
             The game lasted 00:17:04 (7654 turns).

NinjaNoafa the Carver (Merfolk Reaver)              Turns: 7654, Time: 00:17:05

HP:   -1/55 (68)    AC:  7    Str: 12    XL:     9   Next: 44%
MP:   12/12         EV: 18    Int: 12    God:    Okawaru [***...]
Gold: 60            SH:  0    Dex: 17    Spells: 11/12 levels left

rFire   . . .        a - +1 falchion (drain)
rCold   + . .        (no shield)
rNeg    . . .        C - +1 ring mail {rC+}
rPois   .            (no helmet)
rElec   .            (no cloak)
rCorr   .            e - +0 pair of gloves
SInv    .            (no boots)
Will    .....        (no amulet)
Stlth   +            w - +5 ring of evasion
HPRegen 0.29/turn    (no ring)
MPRegen 0.13/turn

%: no passive effects
@: mighty, heavily drained
A: (nimble swimmer 2), mertail
a: Renounce Religion, Heroism


You were on level 7 of the Dungeon.
You worshipped Okawaru.
Okawaru was most pleased with you.
You visited 2 branches of the dungeon, and saw 8 of its levels.

You collected 260 gold pieces.
You spent 200 gold pieces at shops.

Inventory:

Hand Weapons
 a - a +1 falchion of draining (weapon)
Missiles
 f - 6 boomerangs (quivered)
 y - 6 poisoned darts
Armour
 e - a +0 pair of gloves (worn)
 C - a +1 ring mail of cold resistance (worn)
Jewellery
 w - a +5 ring of evasion (left hand)
Scrolls
 c - 2 scrolls of fog
 d - 4 scrolls of teleportation
 k - 4 scrolls of poison {unknown}
 m - 2 scrolls of vulnerability {unknown}
 o - 2 scrolls of immolation {unknown}
 s - 5 scrolls of blinking
 t - a scroll of enchant weapon {unknown}
 u - 3 scrolls of enchant armour {unknown}
 v - a scroll of butterflies {unknown}
 x - 2 scrolls of magic mapping {unknown}
Potions
 g - a potion of brilliance
 h - a potion of haste
 i - a potion of flight
 j - 2 potions of might
 l - a potion of attraction
 n - a potion of magic {unknown}
 p - a potion of heal wounds
 q - a potion of resistance
 r - a potion of degeneration {unknown}
 z - a potion of curing
 A - a potion of ambrosia {unknown}
 B - a potion of cancellation {unknown}


   Skills:
 + Level 5.4 Fighting
 + Level 12.3 Long Blades
 + Level 6.0 Dodging
 - Level 2.0 Spellcasting
 - Level 2.4 Conjurations
 - Level 4.0 Invocations


You had 11 spell levels left.
You knew the following spells:

 Your Spells              Type           Power      Damage    Failure   Level
a - Kiss of Death         Conj/Necr      16%        2d6       36%         1

Your spell library contained the following spells:

 Spells                   Type           Power      Damage    Failure   Level
 Momentum Strike          Conj/Tloc      8%         3d8       50%         2
 Hailstorm                Conj/Ice       4%         3d4       75%         3
 Portal Projectile        Hex/Tloc       2%         N/A       88%         3
 Vhi's Electric Charge    Tloc/Air       2%         N/A       88%         3
 Leda's Liquefaction      Hex/Erth       0%         N/A       99%         4
 Arcjolt                  Conj/Air       2%         1d12      100%        5
 Maxwell's Capacitive Co  Air            0%         ∞         100%        8
 Call Canine Familiar     Summ           Unusable   N/A       N/A         3

Dungeon Overview and Level Annotations

Branches:
Dungeon (7/15) Zot: 26051  Temple (1/1) D:6 Zot: 5884

Altars:
Ashenzari
Cheibriados
Dithmenos
Elyvilon
Fedhas
Gozag
Hepliaklqana
Kikubaaqudgha
Makhleb
Nemelex Xobeh
Okawaru
Qazlal
Sif Muna
Trog
Uskayaw
Vehumet
Wu Jian
Xom
Yredelemnul
Zin

Shops:
D:6 (([*

Portals:
Abyss: D:3

Annotations:
D:2 1 runed translucent door, Crazy Yiuf
D:3 2 transporters, arandomgamer's ghost, amateur MiFi
D:5 2 transporters, dialectric's ghost, weakling DEDe
D:7 Joseph


Innate Abilities, Weirdness & Mutations

((You are very nimble when in or above water. (Stealth+, EV+, Speed+++)))
Your lower body shifts to a powerful aquatic tail in water.


Message History

Joseph unwields a +0 sling.
Joseph wields a +1 quarterstaff of draining.
You sense an unholy aura.
Joseph hits you with a +1 quarterstaff of draining!
You feel drained.
You closely miss Joseph.
Joseph is lightly wounded.
You barely miss Joseph.
Joseph is lightly wounded.
Joseph hits you but does no damage.
You feel drained.
You hit Joseph.
Joseph is lightly wounded.
Joseph hits you with a +1 quarterstaff of draining!
You feel drained.
You hit Joseph. You drain Joseph.
Joseph is lightly wounded.
You hit Joseph. You drain Joseph.
Joseph is moderately wounded.
Joseph hits you with a +1 quarterstaff of draining.
You feel drained.
You barely miss Joseph.
Joseph is moderately wounded.
Joseph hits you with a +1 quarterstaff of draining.
You feel drained.
You hit Joseph.
Joseph is moderately wounded.
You closely miss Joseph.
Joseph is moderately wounded.
Joseph hits you with a +1 quarterstaff of draining!
* * * LOW HITPOINT WARNING * * *
You feel drained.
* * * LOW HITPOINT WARNING * * *
Unknown command.
Unknown command.
You slash Joseph!
Joseph is heavily wounded.
Joseph hits you with a +1 quarterstaff of draining!
* * * LOW HITPOINT WARNING * * *
You feel drained.
You die...

.. .....####..### #.........##...
.. ##....##.|##.###....(.........
..##......#.....##.....).........
.......<..#..##.....)............
..............##....<............
..............####....)..........
............#.# #................
#.##........#..##................
# #..##.@....##@..##............
#.@##.......)##@###.........###
#..####.....................#..
#... ###...................#..
.... ..........###...........
#..@.. .........####...........
#..... ......#...##..........c.
.#.###. ###.###...#...........K.
#..###....#.........#..


You could see Joseph (resistant, drained).

Vanquished Creatures
  A water moccasin (D:6)
  2 ice beasts (D:7)
  An orc warrior (D:6)
  3 ogres (D:5)
  A centaur (D:7)
  3 phantoms
  A kobold brigand (D:7)
  2 gnoll sergeants
  5 scorpions
  A howler monkey (D:5)
  3 orc priests
  4 hounds
  A jelly (D:5)
  A sleepcap (D:6)
  4 iguanas
  10 orc wizards
  8 gnolls
  4 adders
  A shadow imp (D:7)
  A white imp (D:6)
  An ufetubus (D:4)
  An adder skeleton (D:2)
  2 adder zombies (D:2)
  2 worms
  29 orcs
  10 bats
  2 bat zombies (D:2)
  7 endoplasms
  3 giant cockroaches
  4 goblins
  10 hobgoblins
  3 jackals (D:1)
  7 kobolds
  3 quokkas
  5 ball pythons
  A ball python zombie (D:2)
  3 frilled lizards (D:2)
  A quokka skeleton (D:2)
151 creatures vanquished.

Vanquished Creatures (others)
  An orc (D:4)
1 creature vanquished.

Grand Total: 152 creatures vanquished

Notes
Turn   | Place    | Note
-------+----------+-------------------------------------------
     0 | D:1      | NinjaNoafa the Merfolk Reaver began the quest for the Orb.
     0 | D:1      | Reached XP level 1. HP: 16/16 MP: 3/3
   110 | D:1      | Reached XP level 2. HP: 9/23 MP: 5/5
   155 | D:1      | Found a faded altar of an unknown god.
   422 | D:1      | Reached skill level 4 in Long Blades
   512 | D:1      | Reached XP level 3. HP: 28/28 MP: 6/6
  1026 | D:2      | Reached XP level 4. HP: 34/35 MP: 7/7
  1272 | D:2      | Found a runed translucent door.
  1275 | D:2      | Noticed Crazy Yiuf
  1669 | D:3      | Noticed a small abomination
  1671 | D:3      | Found a one-way gate to the infinite horrors of the Abyss.
  1671 | D:3      | Noticed arandomgamer's ghost (amateur MiFi)
  1677 | D:3      | Noticed a small abomination
  1686 | D:3      | Found a transporter.
  1825 | D:3      | Found a transporter.
  1834 | D:3      | Noticed a small abomination
  2540 | D:4      | Found an iron altar of Okawaru.
  2560 | D:4      | Reached skill level 5 in Long Blades
  2560 | D:4      | Reached XP level 5. HP: 32/41 MP: 8/8
  2638 | D:4      | Became a worshipper of Warmaster Okawaru
  3118 | D:4      | Reached skill level 6 in Long Blades
  3118 | D:4      | Reached skill level 5 in Dodging
  3118 | D:4      | Reached XP level 6. HP: 12/48 MP: 9/9
  3487 | D:4      | HP: 2/49 [orc priest/divine providence (17)]
  3773 | D:3      | Reached * piety under Okawaru
  3827 | D:2      | Reached skill level 7 in Long Blades
  3827 | D:2      | Reached XP level 7. HP: 35/55 MP: 10/10
  4222 | D:4      | Reached skill level 8 in Long Blades
  4464 | D:5      | Entered Level 5 of the Dungeon
  4532 | D:5      | Found a transporter.
  4648 | D:4      | Reached skill level 1 in Invocations
  4856 | D:5      | Noticed dialectric's ghost (weakling DEDe)
  4904 | D:4      | Reached ** piety under Okawaru
  5241 | D:5      | Reached skill level 9 in Long Blades
  5241 | D:5      | Reached XP level 8. HP: 50/61 MP: 11/11
  5285 | D:5      | Found a transporter.
  5414 | D:5      | Found a bloodstained altar of Trog.
  5602 | D:6      | Reached skill level 10 in Long Blades
  5750 | D:6      | Found Ydef's Weapon Shoppe.
  5797 | D:5      | Reached *** piety under Okawaru
  5808 | D:6      | Found Ugiatamn's Armour Shop.
  5843 | D:6      | Reached skill level 11 in Long Blades
  5910 | D:6      | Reached XP level 9. HP: 61/66 MP: 12/12
  5995 | D:6      | Found a staircase to the Ecumenical Temple.
  6010 | Temple   | Entered the Ecumenical Temple
  6194 | D:6      | Found Colyllih's Assorted Antiques.
  6201 | D:6      | Bought a scroll labelled CIR LOSORYUCK for 25 gold pieces
  6201 | D:6      | Bought a potion of might for 100 gold pieces
  6201 | D:6      | Bought a potion of curing for 75 gold pieces
  6353 | D:6      | Found Jygeod's Weapon Shop.
  6375 | D:6      | Reached skill level 12 in Long Blades
  7239 | D:7      | Reached skill level 5 in Fighting
  7575 | D:7      | Noticed Joseph
  7654 | D:7      | Slain by Joseph

Illustrated notes

Levels and vault maps discovered:
D:1:      co_arrival_square_in_a_square_in_a_square, layout_basic,
          shapermc_ecumenical_altar_mp_urbaneastern
D:2:      layout_loops_ring, serial_undead, serial_undead_e, serial_undead_e,
          serial_undead_b, serial_undead_d, minmay_misc_feat_tiny,
          grunt_decor_fettered, uniq_crazy_yiuf_cottage
D:3:      layout_loops_ring, gammafunk_ghost_abyssal_escape,
          serial_co_window_serial, co_window_corner_a, co_window_corner_a,
          co_window_of_opportunity_a, co_window_paths_a, co_window_cross_1,
          co_window_of_opportunity_b, co_window_cross_3,
          co_window_unsneaky_path_d, co_window_2corner, co_window_paths_c,
          co_window_cross_2, glass_columns_a, glass_columns_a, glass_columns_a
D:4:      layout_basic, okawaru_ov_weapons_minmay, minivault_5
D:5:      layout_rooms, mainiacjoe_overflow_small_starburst,
          gammafunk_ghost_stat_death
D:6:      layout_loops_ring, minmay_temple_entry_large_hall, serial_shops, shop,
          nicolae_shop_statue_plus, nicolae_shop_tiny_waterfront, shop
D:7:      layout_cave_pools, serial_shops, shop, minmay_tree_intersection,
          minmay_between, uniq_joseph
Temple:   mainiacjoe_temple_coin_purse

Skill      XL: |  1  2  3  4  5  6  7  8  9 |
---------------+----------------------------+-----
Dodging        | 3 4 5 6 |  6.0
Long Blades    | 4 5 6 7 9 11 12 | 12.3
Fighting       | 3 4 5 |  5.4
Invocations    | 2 4 |  4.0
Spellcasting   | |  2.0
Conjurations   | |  2.4

Action                     |  1- 3 |  4- 6 |  7- 9 || total
---------------------------+-------+-------+-------++-------
  Melee: Long sword        |   130 |   216 |    39 ||   385
         Falchion          |     2 |       |   285 ||   287
         Punch             |     2 |     2 |     7 ||    11
    Use: Potion            |       |     5 |     1 ||     6
         Scroll            |       |     8 |     4 ||    12
   Stab: Sleeping          |     1 |       |     2 ||     3
 Armour: Leather armour    |    57 |    63 |    30 ||   150
         Ring mail         |       |       |     1 ||     1
  Dodge: Dodged            |   125 |   166 |   225 ||   516
